Map: Nightscape LE

Players

IIJIACTbIPb

  • Race: Terran Terran
  • Spawn Location: 7:00

zvei

  • Race: Terran Terran
  • League: Diamond
  • Spawn Location: 7:00

qqq - Winner!

  • Race: Zerg Zerg
  • Spawn Location: 1:00

Massa - Winner!

  • Race: Terran Terran
  • League: Platinum
  • Spawn Location: 1:00

VOD

Have the link to the VOD?

Description

Time

  • Played on: Feb. 20, 2021, 12:40 p.m.
  • Length: 24:00
Show
View Real Time Build Order
Export as new Build Order

IIJIACTbIPb Terran 

Build Orders: Mech 

Get SALT Encoding   

  12  0:00  SCV  
  13  0:12  SCV  
  14  0:17  Supply Depot  
  14  0:25  SCV  
  14  0:27  Refinery  
  15  0:39  SCV  
  16  0:46  Barracks  
  16  0:51  SCV  
  17  1:03  SCV  
  18  1:17  SCV  
  19  1:29  SCV  
  20  1:36  Barracks Reactor  
  20  1:40  Command Center  
  20  1:46  Orbital Command  
  20  1:53  Refinery  
  20  2:06  Factory  
  20  2:11  Supply Depot  
  20  2:15  Marine  
  21  2:17  Marine  
  21  2:22  SCV  
  23  2:32  Marine  
  23  2:34  Marine  
  23  2:35  SCV  
  26  2:47  SCV  
  26  2:50  Marine  
  28  2:52  Marine  
  29  3:06  Bunker  
  29  3:08  Starport, Factory Tech Lab, Marine  
  29  3:10  SCV, Marine  
  32  3:15  Supply Depot  
  32  3:18  Orbital Command  
  32  3:23  SCV  
  33  3:42  Refinery, SCV  
  33  3:45  SCV  
  35  3:53  Fusion Core  
  35  3:55  SCV  
  36  3:57  Starport Tech Lab  
  36  3:58  SCV  
  37  4:07  SCV  
  38  4:10  SCV  
  39  4:19  SCV  
  39  4:20  Supply Depot  
  39  4:23  Cyclone  
  43  4:24  Marine  
  43  4:25  Marine  
  36  4:49  Marine x2  
  35  5:06  Marine  
  35  5:07  Marine  
  32  5:14  SCV x2  
  32  5:18  Battlecruiser  
  40  5:24  Marine  
  40  5:26  SCV x2  
  39  5:38  SCV x2  
  39  5:49  Marine x2  
  37  6:04  Factory  
  37  6:07  Factory, Marine x2  
  39  6:25  Marine x2  
  41  6:33  Bunker  
  37  6:43  Marine, Siege Tank  
  40  7:24  Hellion x2  
  40  7:25  Hellion  
  38  7:31  Battlecruiser  
  39  7:46  Hellion x2  
  31  8:19  Siege Tank  
  32  8:36  Factory Tech Lab x2  
  32  8:37  Command Center  
  32  8:52  Siege Tank  
  35  9:24  Siege Tank  
  38  9:26  Starport Tech Lab  
  38  9:28  Cyclone x2  
  44  9:40  Orbital Command  
  44  9:44  Supply Depot  
  44  9:45  Supply Depot  
  38  9:47  Supply Depot  
  38  9:48  Barracks  
  38  9:50  Engineering Bay  
  38  10:08  SCV x2  
  40  10:14  Mag-Field Accelerator  
  40  10:20  SCV x2  
  42  10:24  Refinery  
  42  10:26  Missile Turret  
  42  10:32  SCV, Missile Turret  
  42  10:33  SCV  
  44  10:45  SCV x2  
  46  10:57  SCV x2  
  47  10:58  Refinery  
  48  11:08  Planetary Fortress  
  48  11:09  SCV  
  49  11:12  Missile Turret  
  49  11:15  Marine  
  50  11:33  Marine  
  51  11:50  SCV x2  
  51  11:53  SCV  
  54  11:59  Liberator  
  57  12:02  SCV x2  
  57  12:05  SCV  
  60  12:14  SCV x2  
  62  12:17  SCV  
  63  12:26  SCV x2  
  66  12:30  SCV  
  66  12:31  Cyclone  
  66  12:34  Marine  
  70  12:41  Liberator  
  73  12:49  Sensor Tower  
  73  12:51  Marine  
  74  13:03  Cyclone  
  77  13:09  Marine  
  78  13:18  Factory  
  78  13:23  Factory  
  78  13:27  Marine  
  79  14:01  SCV x3  
  82  14:13  SCV  
  82  14:17  Refinery  
  83  14:30  Factory Reactor  
  83  14:31  Factory Tech Lab  
  83  14:35  Liberator  
  86  14:47  Refinery  
  86  14:58  Command Center  
  86  15:03  Factory  
  86  15:04  Factory  
  86  15:05  SCV x2  
  86  15:06  SCV  
  89  15:07  Factory  
  89  15:10  Factory  
  89  15:14  Hellion x2  
  93  15:15  Infernal Pre-Igniter  
  93  15:19  Advanced Ballistics  
  93  15:34  Starport Reactor  
  93  15:35  Hellion  
  97  15:36  Hellion  
  97  15:56  Hellion  
  101  15:57  Hellion  
  101  16:06  SCV x3  
  104  16:18  Hellion x2  
  108  16:48  Factory Tech Lab x3  
  108  16:49  Factory Tech Lab  
  105  17:12  Barracks Reactor  
  105  17:20  Armory  
  96  18:09  Armory  
  83  18:50  Thor x3  
  83  18:51  Thor  
  83  18:53  Liberator x2  
  113  19:01  Siege Tank x4  
  125  19:05  Terran Vehicle And Ship Armor Level 1  
  125  19:06  Terran Vehicle Weapons Level 1  
  125  19:07  SCV x3  
  128  19:11  Planetary Fortress  
  128  19:15  Missile Turret  
  128  19:19  SCV x3  
  131  19:31  SCV, Supply Depot  
  131  19:33  Supply Depot x2  
  131  19:36  Supply Depot  
  131  19:37  Hellion x2, Siege Tank, Liberator x2, Supply Depot x2  
  131  19:38  Hellion x4  
  153  19:44  Thor  
  96  20:42  Thor x2  
  96  20:43  Thor x6  
  96  20:44  Liberator  
  96  20:45  Liberator  
  147  21:03  Command Center  
  141  21:27  Liberator x2  
  100  22:14  Factory Tech Lab x2  
  100  22:15  Factory Tech Lab x2  
  51  23:11  Thor x4  
  63  23:23  Command Center  
Show
View Real Time Build Order
Export as new Build Order

zvei Terran 

Build Orders: Mech 

Get SALT Encoding   

  12  0:00  SCV  
  13  0:12  SCV  
  14  0:17  Supply Depot  
  14  0:24  SCV  
  15  0:38  SCV  
  15  0:39  Barracks  
  16  0:43  Refinery  
  16  0:51  SCV  
  17  1:05  SCV  
  18  1:17  SCV  
  19  1:25  Barracks Tech Lab  
  19  1:29  Supply Depot  
  19  1:30  Orbital Command  
  19  1:44  Marauder  
  19  1:45  Concussive Shells  
  21  1:57  SCV  
  22  2:04  Command Center  
  22  2:09  Marauder  
  22  2:12  SCV  
  25  2:24  Refinery, SCV  
  26  2:30  Marauder  
  26  2:36  SCV  
  29  2:42  Factory  
  29  2:48  SCV  
  30  3:04  SCV  
  31  3:08  Supply Depot  
  31  3:09  Barracks Tech Lab  
  31  3:34  Cyclone, Factory  
  31  3:38  Orbital Command  
  31  3:41  SCV  
  35  3:53  SCV  
  36  3:56  Starport  
  36  3:57  Barracks Reactor  
  36  4:05  SCV  
  37  4:13  Cyclone  
  37  4:14  SCV  
  37  4:16  Refinery x2  
  41  4:17  SCV  
  36  4:59  Siege Tank  
  39  5:07  Barracks Reactor, Factory  
  36  5:16  SCV x2  
  38  5:24  Engineering Bay  
  38  5:26  Viking x2  
  38  5:28  SCV x2  
  44  5:40  SCV  
  42  5:49  SCV  
  43  5:52  SCV  
  43  5:53  Terran Infantry Weapons Level 1  
  44  6:02  Barracks Reactor, Hellion x2  
  44  6:03  Factory  
  48  6:22  Hellion  
  48  6:23  Hellion, Infernal Pre-Igniter  
  48  6:25  SCV  
  53  6:27  Missile Turret  
  53  6:57  Hellion x2  
  53  6:59  Hellion  
  53  7:00  Hellion x2  
  53  7:01  Hellion  
  51  7:27  Hellion  
  44  7:41  Hellion  
  46  7:48  Hellion  
  46  7:49  Hellion  
  46  7:58  Hellion  
  46  8:06  Armory  
  46  8:13  Supply Depot  
  46  8:22  SCV, Hellion, Siege Tank  
  44  8:32  Hellion  
  46  8:34  SCV x2, Siege Tank  
  46  8:35  Hellion  
  46  8:37  Supply Depot  
  46  8:40  Hellion  
  53  8:47  SCV x2  
  53  8:59  SCV x2, Hellion x2  
  62  9:09  Command Center  
  62  9:15  Supply Depot  
  62  9:16  Supply Depot x2  
  62  9:17  Supply Depot  
  62  9:25  SCV x2  
  61  9:37  SCV x2, Thor x2  
  75  9:49  SCV  
  76  9:57  Viking, Supply Depot  
  76  9:58  Viking  
  78  10:19  Thor  
  78  10:20  Thor  
  86  10:32  Hellion x3  
  89  10:35  SCV  
  89  10:36  SCV  
  89  10:41  Orbital Command  
  90  10:46  Terran Vehicle Weapons Level 1  
  90  10:47  SCV  
  91  11:02  Thor  
  91  11:03  Thor  
  103  11:16  Hellion x4  
  106  11:42  Hellion  
  106  11:43  SCV x3  
  106  11:45  Siege Tank  
  106  11:46  Siege Tank  
  117  12:01  Supply Depot  
  117  12:02  Supply Depot  
  117  12:03  Supply Depot  
  117  12:08  Refinery  
  117  12:10  Refinery  
  117  12:22  SCV, Hellion x2, Siege Tank  
  125  12:24  SCV x2, Hellion, Siege Tank  
  132  12:32  Sensor Tower  
  132  12:34  SCV  
  132  12:36  SCV x2  
  135  12:39  Hellion  
  135  12:42  Viking x2  
  141  12:51  Supply Depot  
  141  12:52  Supply Depot  
  141  12:53  Supply Depot  
  141  13:01  Supply Depot  
  141  13:03  Supply Depot  
  141  13:05  Command Center  
  141  13:14  SCV  
  141  13:15  Hellion, Siege Tank x2  
  150  13:23  SCV  
  124  14:00  SCV  
  124  14:01  SCV  
  122  14:11  Viking x2  
  122  14:12  Command Center  
  122  14:16  Terran Vehicle Weapons Level 2  
  126  14:17  Barracks Reactor  
  126  14:20  Starport  
  126  14:24  SCV x2  
  128  14:36  SCV  
  128  14:37  SCV  
  130  14:41  Viking  
  132  14:54  Hellion  
  132  14:55  Hellion x5  
  144  15:16  Hellion x3, Siege Tank x2  
  150  15:49  Siege Tank x2  
  139  16:05  Hellion  
  139  16:06  Hellion x2  
  145  16:18  Viking x2  
  147  16:21  Siege Tank x2  
  147  16:22  Orbital Command  
  147  16:23  Refinery  
  147  16:24  Refinery  
  156  16:25  SCV  
  156  16:26  SCV  
  156  16:27  Orbital Command  
  156  16:30  Missile Turret  
  157  16:37  SCV  
  156  16:48  Viking x2  
  156  16:53  Siege Tank  
  159  17:01  Terran Vehicle Weapons Level 3  
  157  17:03  Armory  
  157  17:18  Viking x2  
  161  17:24  Viking  
  161  17:25  Viking  
  165  17:48  Viking x2  
  169  17:54  Viking  
  169  17:55  Viking  
  173  18:02  Terran Ship Weapons Level 1  
  173  18:12  Command Center  
  173  18:17  Missile Turret  
  173  18:18  Viking x2, Missile Turret  
  177  18:21  Command Center  
  177  18:22  Sensor Tower  
  157  19:13  Thor  
  157  19:14  Hellion, Thor  
  95  19:41  Hellion  
  95  19:42  Hellion x2  
  100  19:52  Hellion  
  100  19:56  Thor x2  
  112  20:03  Hellion x3  
  117  20:14  Hellion  
  119  20:15  Refinery  
  119  20:19  Factory x2  
  111  20:22  Planetary Fortress  
  111  20:24  Hellion  
  106  20:34  Terran Ship Weapons Level 2, Terran Vehicle And Ship Armor Level 1  
  101  20:39  Siege Tank x2  
  87  21:07  Factory Tech Lab x2  
  87  21:10  Hellion x3  
  87  21:11  Hellion, Thor, Siege Tank  
  87  21:31  Hellion x3  
  87  21:32  Hellion, Thor  
  83  21:33  Thor  
  95  21:43  Thor  
  101  21:53  Hellion x4  
  106  21:54  Thor  
  69  22:22  Hellion x2  
  82  22:26  Siege Tank  
  77  22:32  Hellion x2  
  72  22:37  Siege Tank  
  75  22:45  Hellion x2  
  79  22:53  Hellion  
  71  22:58  Siege Tank  
  60  23:09  Siege Tank  
  57  23:24  Hellion  
  57  23:25  Hellion x2  
  63  23:29  Command Center  
Show
View Real Time Build Order
Export as new Build Order

qqq Zerg - Winner!

Build Orders: Hatch First 

Get SALT Encoding   

  12  0:00  Drone  
  13  0:08  Drone  
  14  0:18  Overlord  
  14  0:47  Hatchery  
  13  0:53  Drone  
  13  0:54  Drone  
  15  1:13  Spawning Pool  
  15  1:14  Extractor  
  13  1:20  Drone x2  
  16  1:25  Drone  
  17  1:32  Drone  
  17  1:44  Drone  
  18  1:59  Drone  
  18  2:00  Queen  
  21  2:03  Queen  
  23  2:08  Drone  
  23  2:11  Drone  
  25  2:17  Metabolic Boost  
  25  2:24  Overlord  
  25  2:27  Drone  
  26  2:30  Drone  
  26  2:36  Overlord  
  27  2:38  Drone  
  28  2:48  Drone, Evolution Chamber  
  28  2:49  Drone  
  29  2:56  Baneling Nest  
  29  2:57  Drone  
  29  3:00  Zergling x2  
  29  3:03  Drone  
  31  3:08  Zergling x2  
  31  3:10  Zergling x2  
  33  3:14  Zerg Melee Weapons Level 1  
  33  3:15  Zergling x2  
  33  3:17  Zergling x2  
  35  3:21  Drone  
  35  3:22  Zergling x2  
  35  3:27  Overlord  
  37  3:29  Zergling x2  
  37  3:32  Zergling x2  
  39  3:34  Zergling x2  
  39  3:40  Zergling x2  
  41  3:41  Zergling x2  
  41  3:45  Baneling x2  
  41  3:46  Overlord  
  41  3:48  Zergling x2  
  43  3:53  Zergling x2  
  44  3:57  Drone x2, Zergling x2  
  44  3:58  Zergling x2  
  44  4:00  Zergling x2  
  49  4:12  Spore Crawler  
  49  4:16  Zergling x2  
  49  4:17  Lair  
  49  4:18  Drone  
  48  4:33  Zergling x2  
  48  4:34  Zergling x4  
  48  4:35  Zergling x2  
  47  4:45  Zergling x8  
  47  4:46  Drone x2, Zergling x2  
  48  4:59  Baneling x2, Zergling x2  
  46  5:01  Zergling x2  
  46  5:05  Extractor  
  46  5:13  Drone  
  48  5:14  Drone  
  47  5:29  Hatchery  
  45  5:36  Hatchery  
  39  5:44  Zergling x10  
  40  5:51  Zergling x2  
  40  5:52  Drone x2, Zergling x6  
  40  5:57  Zerg Ground Armor Level 1  
  46  6:04  Zergling x2  
  46  6:05  Zergling x6  
  46  6:06  Drone  
  50  6:19  Zergling x2  
  50  6:20  Drone, Zergling x2  
  50  6:21  Zergling x4  
  55  6:30  Spore Crawler  
  53  6:35  Spore Crawler  
  53  6:36  Spore Crawler  
  53  6:39  Extractor, Spire  
  45  6:40  Extractor  
  41  6:53  Queen  
  43  6:55  Drone x4  
  43  6:59  Drone x2  
  49  7:17  Spore Crawler  
  49  7:18  Spore Crawler  
  49  7:19  Spore Crawler  
  45  7:29  Queen  
  39  7:41  Zergling x2  
  39  7:42  Zergling x10  
  39  7:43  Drone x4  
  39  7:44  Drone x3  
  49  7:50  Drone  
  48  7:51  Zergling x2  
  48  7:52  Spore Crawler  
  48  7:55  Zergling x2  
  49  8:01  Corruptor  
  49  8:03  Drone  
  49  8:05  Drone  
  53  8:07  Drone  
  53  8:09  Drone  
  53  8:11  Drone  
  56  8:13  Drone  
  56  8:15  Zergling x4  
  59  8:20  Zergling x4  
  59  8:23  Mutalisk  
  59  8:25  Drone  
  59  8:26  Drone  
  65  8:32  Drone x2  
  67  8:36  Mutalisk x2  
  67  8:40  Zerg Flyer Armor Level 1  
  66  8:43  Spore Crawler  
  66  8:46  Drone, Spore Crawler  
  66  8:47  Drone  
  63  8:51  Corruptor  
  63  8:54  Spine Crawler  
  64  8:56  Drone  
  64  8:57  Drone  
  64  9:02  Drone x3  
  69  9:03  Drone  
  70  9:11  Corruptor  
  72  9:24  Corruptor  
  70  9:25  Zergling x2  
  70  9:26  Overlord x3  
  65  9:43  Spine Crawler  
  57  9:45  Drone  
  57  9:46  Drone x9, Spine Crawler  
  57  9:51  Drone x2  
  57  9:52  Corruptor  
  67  9:56  Zergling x2  
  67  9:59  Drone x2  
  73  10:00  Drone  
  73  10:12  Infestation Pit  
  68  10:18  Mutalisk  
  68  10:19  Mutalisk  
  67  10:24  Drone x4  
  67  10:26  Spine Crawler  
  69  10:33  Spine Crawler  
  69  10:34  Drone x2, Zerg Flyer Weapons Level 1  
  70  10:37  Corruptor  
  70  10:38  Zergling x2  
  70  10:39  Zergling x2  
  70  10:40  Drone  
  70  10:42  Drone  
  76  10:46  Mutalisk  
  78  11:01  Zergling x14  
  78  11:03  Drone x4  
  88  11:07  Zerg Melee Weapons Level 2  
  88  11:17  Drone x2  
  90  11:19  Zergling x6  
  91  11:26  Overlord  
  91  11:27  Zergling x2  
  91  11:28  Drone x2  
  94  11:39  Corruptor x2  
  88  11:41  Drone x2  
  88  11:46  Extractor x2  
  92  11:48  Hive  
  92  11:49  Drone  
  92  11:50  Drone  
  92  11:53  Extractor  
  93  11:54  Extractor  
  92  12:02  Evolution Chamber  
  92  12:04  Drone x2  
  92  12:06  Hatchery  
  92  12:08  Drone x2  
  94  12:22  Drone x2  
  96  12:34  Queen  
  98  12:40  Hatchery  
  97  12:56  Mutalisk x3  
  97  12:57  Zergling x2  
  104  12:58  Overlord x3  
  104  12:59  Overlord x2  
  104  13:02  Hatchery  
  103  13:15  Drone  
  104  13:24  Ultralisk Cavern  
  104  13:25  Greater Spire  
  103  13:39  Zergling x2  
  103  13:40  Drone x3, Zergling x2  
  103  13:41  Drone x4, Zerg Ground Armor Level 2  
  104  13:43  Zerg Melee Weapons Level 3  
  104  13:54  Mutalisk x2, Zergling x2  
  104  13:55  Zergling x8  
  101  13:56  Drone x6  
  103  14:03  Drone x4  
  107  14:12  Spine Crawler  
  107  14:13  Spore Crawler  
  107  14:14  Spine Crawler  
  104  14:19  Drone  
  104  14:20  Drone x4  
  109  14:28  Spine Crawler x2, Ultralisk  
  109  14:30  Anabolic Synthesis  
  113  14:36  Ultralisk  
  119  14:50  Ultralisk  
  125  14:53  Corruptor x2  
  125  14:59  Drone x4  
  133  15:06  Ultralisk  
  137  15:09  Viper x3  
  137  15:13  Chitinous Plating  
  145  15:14  Overlord x2  
  141  15:24  Overlord x2  
  141  15:25  Overlord x3  
  141  15:30  Spine Crawler  
  141  15:31  Spine Crawler  
  137  15:37  Viper  
  137  15:39  Ultralisk  
  129  15:52  Ultralisk x2  
  129  15:54  Zergling x2  
  129  15:55  Drone x2  
  129  15:56  Drone x2  
  146  16:02  Drone x5  
  151  16:05  Drone x2  
  153  16:13  Hatchery  
  153  16:17  Brood Lord x2  
  156  16:33  Drone x3  
  156  16:34  Drone x6  
  156  16:35  Corruptor  
  156  16:36  Ultralisk  
  156  16:37  Zergling x4  
  175  17:01  Drone x6  
  181  17:08  Drone  
  181  17:09  Drone x2  
  181  17:13  Extractor x2, Overlord x5  
  181  17:14  Ultralisk, Overlord  
  188  17:17  Zerg Ground Armor Level 3  
  188  17:18  Zerg Missile Weapons Level 1  
  186  17:28  Drone  
  186  17:29  Drone x5  
  185  17:45  Spore Crawler  
  185  17:46  Spore Crawler  
  176  18:00  Ultralisk x3, Corruptor x3  
  186  18:29  Drone  
  186  18:30  Drone x2  
  186  18:55  Spine Crawler  
  185  18:57  Spine Crawler  
  184  19:05  Zergling x2, Ultralisk x2, Corruptor  
  184  19:06  Zergling x2  
  177  19:33  Corruptor x4  
  177  19:34  Corruptor x2  
  177  19:38  Corruptor x5  
  180  19:39  Zergling x2  
  180  19:40  Ultralisk x2  
  196  19:48  Corruptor x2  
  196  19:49  Corruptor x2  
  175  20:02  Corruptor  
  175  20:03  Ultralisk x2  
  175  20:04  Ultralisk  
  175  20:06  Drone x4  
  175  20:07  Drone  
  200  20:21  Zergling x8  
  184  20:23  Ultralisk x2  
  184  20:27  Zerg Missile Weapons Level 2  
  187  20:54  Zergling x2, Ultralisk x2, Corruptor x2  
  187  20:55  Zergling x4, Corruptor  
  190  21:10  Zergling x4, Ultralisk  
  190  21:11  Zergling x6  
  168  21:35  Ultralisk x3  
  168  21:36  Ultralisk x2  
  168  21:38  Drone  
  187  21:49  Drone  
  187  21:50  Drone x5  
  193  21:56  Hatchery  
  191  22:04  Zergling x8, Ultralisk  
  191  22:05  Zergling x2  
  194  22:17  Drone x2  
  194  22:18  Drone x2  
  194  22:19  Spine Crawler  
  194  22:21  Spine Crawler  
  196  22:24  Drone x2  
  187  22:41  Drone x2  
  173  23:00  Ultralisk x3  
  173  23:01  Zergling x4, Ultralisk  
  149  23:22  Drone x4  
  163  23:31  Drone x2  
  165  23:36  Drone x5, Spine Crawler  
  169  23:42  Extractor  
  169  23:43  Extractor  
  167  23:59  Hatchery x2  
Show
View Real Time Build Order
Export as new Build Order

Massa Terran - Winner!

Build Orders: Reaper Expand 

Get SALT Encoding   

  12  0:00  SCV  
  13  0:13  SCV  
  14  0:22  Supply Depot  
  14  0:25  SCV  
  15  0:44  SCV  
  15  0:45  Barracks  
  16  0:50  Refinery  
  16  0:56  SCV  
  17  1:08  SCV  
  18  1:20  SCV  
  19  1:32  Orbital Command  
  19  1:35  Reaper  
  20  1:41  Command Center  
  20  1:58  Supply Depot  
  20  2:00  SCV  
  21  2:10  Factory  
  21  2:16  SCV  
  22  2:28  Refinery, SCV  
  22  2:29  Barracks Reactor  
  23  2:40  SCV  
  24  2:52  SCV  
  24  2:58  Orbital Command  
  25  3:02  Starport  
  25  3:11  SCV  
  26  3:12  Barracks Tech Lab  
  26  3:14  Hellion x2  
  30  3:24  SCV  
  30  3:25  SCV, Engineering Bay  
  32  3:35  Hellion  
  32  3:36  SCV, Hellion  
  32  3:37  SCV  
  38  3:46  Barracks Tech Lab  
  38  3:50  Refinery  
  38  3:54  Barracks  
  38  3:56  SCV x2, Missile Turret  
  38  3:57  Barracks  
  38  4:01  Missile Turret  
  40  4:03  Raven  
  40  4:08  SCV  
  43  4:20  Marine x2  
  45  4:36  Refinery  
  45  4:37  Marine  
  46  4:44  Supply Depot  
  46  4:45  Barracks Reactor  
  46  4:46  Barracks Tech Lab  
  46  4:47  Supply Depot  
  46  5:05  Marine, Medivac  
  46  5:06  Siege Tank  
  46  5:16  Marine  
  46  5:18  SCV x2  
  47  5:23  Marine  
  47  5:25  Marine  
  47  5:26  Marine  
  47  5:27  Marauder  
  47  5:28  Stimpack  
  52  5:30  SCV x2  
  52  5:33  Marine  
  55  5:38  Siege Tank  
  55  5:41  Marine  
  59  5:43  Marine  
  60  5:51  Marine  
  60  5:55  Marine  
  62  6:02  Supply Depot  
  62  6:03  Supply Depot x2  
  62  6:04  Command Center  
  62  6:21  Supply Depot  
  62  6:22  Supply Depot  
  62  6:23  Marine x2  
  62  6:24  Marauder, Medivac  
  68  6:40  Cyclone  
  68  6:46  Marine x3  
  68  6:47  Marine x2  
  74  7:03  Marine  
  74  7:04  Marine  
  70  7:12  Cyclone  
  52  7:29  SCV x2  
  44  7:41  SCV x2, Marine x2  
  44  7:42  Marine x3  
  46  7:53  SCV x2  
  45  7:59  Marine x2  
  45  8:00  Marine x2  
  49  8:12  Medivac  
  51  8:17  Siege Tank  
  47  8:31  SCV x2  
  49  8:36  Orbital Command  
  46  8:42  Marine, Medivac  
  46  8:43  SCV x2  
  51  8:50  Siege Tank  
  55  8:55  SCV x2  
  52  9:32  Marauder, Marine x2  
  52  9:33  Marine x2  
  52  9:34  Siege Tank  
  52  9:35  Medivac  
  63  9:43  SCV x2  
  63  9:44  SCV  
  66  9:50  Marine x2  
  66  9:51  Marine x2  
  70  9:53  Combat Shield  
  70  9:54  Marauder  
  70  9:55  SCV x2  
  70  9:56  SCV  
  70  9:59  Missile Turret  
  75  10:02  Missile Turret  
  75  10:04  Missile Turret  
  75  10:07  Raven  
  75  10:08  Marine x2  
  75  10:12  Terran Infantry Weapons Level 1  
  79  10:15  Armory  
  79  10:17  Engineering Bay  
  79  10:19  SCV x3  
  82  10:31  SCV x3  
  82  10:35  Siege Tank  
  88  10:38  Marauder, Marine x3  
  88  10:39  Marine  
  94  10:43  SCV x3  
  97  10:50  Medivac  
  97  10:55  SCV x3  
  97  10:56  Marine  
  103  11:00  Marauder  
  103  11:02  Marine x3  
  108  11:14  Marine  
  109  11:20  Marine x2  
  109  11:21  Marauder  
  91  11:33  Marine x2  
  91  11:34  Siege Tank  
  85  11:40  Marine  
  85  11:41  Marine  
  85  11:42  Marauder  
  88  11:49  Barracks  
  88  11:50  Barracks  
  88  11:51  Marine x2  
  90  11:57  Raven  
  90  11:58  Marine x2  
  90  12:00  Barracks  
  94  12:01  Barracks  
  94  12:02  Barracks  
  94  12:04  Marauder  
  94  12:06  Siege Tank  
  99  12:08  Marine  
  99  12:09  Marine  
  101  12:16  Marine x2  
  101  12:20  Terran Infantry Armor Level 1  
  101  12:21  Terran Infantry Weapons Level 2  
  103  12:24  Terran Vehicle And Ship Armor Level 1  
  103  12:25  Marauder  
  103  12:26  Marine x2  
  107  12:34  Marine x2  
  107  12:36  Corvid Reactor  
  109  12:38  Concussive Shells  
  109  12:40  SCV x3, Raven  
  109  12:44  Refinery, Marine  
  114  12:45  Refinery  
  114  12:47  Marauder  
  117  13:04  Barracks Reactor x2, Barracks Tech Lab x2  
  117  13:05  Barracks Tech Lab  
  117  13:12  Supply Depot  
  117  13:16  Supply Depot  
  117  13:18  Command Center  
  117  13:19  Supply Depot  
  117  13:23  Supply Depot  
  117  13:27  Marine  
  117  13:28  SCV, Marine x3  
  117  13:32  SCV, Marauder  
  117  13:33  SCV  
  118  13:40  SCV, Marine  
  118  13:41  Marauder x3, Marine  
  127  13:42  Marine  
  127  13:53  Marauder  
  114  14:02  Marauder x2  
  118  14:03  Raven  
  118  14:07  Siege Tank  
  118  14:09  Marauder  
  125  14:15  Marauder  
  125  14:16  SCV x3  
  130  14:23  Marauder  
  130  14:24  Marauder  
  134  14:28  SCV x3  
  134  14:30  Marauder  
  139  14:32  Terran Infantry Armor Level 2  
  139  14:36  Marauder  
  139  14:38  Terran Infantry Weapons Level 3  
  141  14:39  Siege Tank  
  141  14:40  Terran Vehicle And Ship Armor Level 2, SCV  
  145  14:46  Raven  
  147  15:11  Siege Tank  
  130  15:43  Siege Tank  
  124  15:50  Raven  
  123  16:15  Siege Tank  
  119  16:32  Medivac  
  119  16:36  Missile Turret  
  116  16:48  Missile Turret  
  112  17:02  Raven  
  112  17:08  SCV x3  
  117  17:11  Planetary Fortress  
  117  17:20  SCV x3  
  120  17:26  Terran Vehicle And Ship Armor Level 3  
  120  17:27  Terran Infantry Armor Level 3  
  120  17:28  Hi-Sec Auto Tracking  
  120  17:32  SCV x3  
  123  17:42  Refinery, Missile Turret  
  123  17:45  Refinery  
  123  17:49  Missile Turret  
  123  18:02  Viking  
  123  18:04  Missile Turret  
  123  18:22  Missile Turret x2  
  123  18:25  Neosteel Armor  
  123  18:32  Missile Turret, Viking  
  120  18:42  Marauder x4, Marine  
  129  19:01  Raven  
  131  19:03  Marauder x2  
  112  19:15  Marauder x2  
  97  19:25  Marauder x2  
  97  19:26  Marine x5  
  106  19:36  Marauder x2, Marine x3  
  113  19:44  Marine x5  
  112  19:46  Marauder x2  
  116  19:54  Marine x2  
  116  19:58  Marauder x2  
  116  20:04  Command Center, Terran Vehicle Weapons Level 1  
  91  20:07  Marauder x2  
  91  20:10  Marine  
  91  20:14  Siege Tank  
  91  20:16  Raven  
  91  20:19  Marauder x2  
  91  20:20  SCV x4  
  104  20:29  Marauder x2  
  104  20:32  Starport  
  104  20:34  Starport  
  108  20:40  Marauder  
  108  20:41  Marauder  
  112  20:46  Siege Tank  
  115  20:50  Marauder  
  117  20:59  Raven  
  117  21:02  Hyperflight Rotors  
  119  21:15  Armory  
  119  21:17  Ghost Academy  
  119  21:18  Starport Reactor x2, Siege Tank  
  58  22:16  Marauder x4  
  58  22:17  Marine  
  58  22:18  Marine x7  
  58  22:19  Siege Tank  
  58  22:21  Planetary Fortress  
  76  22:24  Raven  
  76  22:25  Medivac x3  
  86  22:30  Viking  
  86  22:35  Marine x2  
  88  22:37  Marauder x3  
  88  22:38  Marauder  
  88  22:40  Marine x3  
  99  22:51  Siege Tank  
  99  22:55  Medivac, Viking x2  
  108  22:58  Marauder  
  108  22:59  Marauder x3  
  108  23:00  Viking  
  118  23:07  Raven  
  118  23:12  Refinery  
  120  23:17  Refinery  
  120  23:19  Command Center  
  122  23:20  Marauder x2  
  122  23:22  Missile Turret  
  122  23:23  Siege Tank  
  122  23:24  Marauder x2, Marine x2  
  135  23:42  Missile Turret  
Tags
 
Add a new tag
Caveats
  • Supply blocks, unpowered buildings, or Contaminate may cause inaccurate times.
  • Supply counts are checked every 10 seconds.